 Dungeon Crawl Stone Soup version 0.28-a0-592-g6fc52098c6 (webtiles) character file.

Game seed: 12486186472718711073

288898 mrsnowman the Executioner (level 19, -1/166 HPs)
             Began as a Demonspawn Fighter on Oct 3, 2021.
             Was an Initiate of Gozag.
             Splashed by an acid blob's acid (3 damage)
             ... created by the Royal Jelly
             ... on level 5 of the Pits of Slime on Oct 4, 2021.
             The game lasted 03:26:02 (46373 turns).

mrsnowman the Executioner (Demonspawn Fighter)     Turns: 46373, Time: 03:26:03

Health: -1/166     AC: 42    Str: 30    XL:     19   Next: 89%
Magic:  0/19       EV: 12    Int: 21    God:    Gozag
Gold:   11718      SH: 16    Dex: 18    Spells: 18/18 levels left

rFire   + + +      SeeInvis .   k - +4 broad axe (elec)
rCold   + + +      Faith    .   M - +2 kite shield {reflect}
rNeg    + . .      Spirit   +   v - +15 Maxwell's patent armour {-Cast -Tele rElec Will+ rCorr}
rPois   +          Reflect  +   y - +2 hat {Int+3}
rElec   +          Harm     .   x - scarf {rC+ rF+}
rCorr   +          Rampage  .   p - +0 pair of fencer's gloves {Riposte Dex+3}
Will    ++...      NoTele   +   n - +2 pair of boots {Stlth+} Stlth ..........NoCast +
                                c - amulet of Xom's Amusement {Spirit rC+ Int+3}
HPRegen 0.37/turn               P - ring "Nouzy" {rF+ Int+6 Dex+4 Slay+3}
MPRegen 0.32/turn               V - ring "Tiarph" {Fly rC+ rN+ Str+7 Int-2}

@: resistant, corroded, gold aura, sanguine armoured, flying, very slightly
contaminated, invisible, unable to read
A: horns 2, ignite blood 2, magic shield, magic regeneration, magic link,
sanguine armour 3, clumsy 1, subdued magic 1, inability to read while threatened
}: 2/15 runes: decaying, gossamer
a: Renounce Religion, Potion Petition, Call Merchant, Bribe Branch


You were on level 5 of the Pits of Slime.
You worshipped Gozag.
Gozag was extremely pleased with you.
You visited 8 branches of the dungeon, and saw 39 of its levels.
You visited the Abyss 1 time.
You also visited: Sewer, Bailey, Gauntlet, Ice Cave and Volcano.

You collected 14555 gold pieces.
You spent 1389 gold pieces at shops.
You paid 1448 gold pieces to Gozag.

Inventory:

Hand Weapons
 k - a +4 broad axe of electrocution (weapon)
 w - the +7 Singing Sword {vorpal, sonic wave}
   (You took it off a deep elf elementalist on level 3 of the Elven Halls)

   It inflicts extra damage upon your enemies.
   It radiates damaging sonic waves as it strikes, especially in combat
   involving dangerous or numerous foes.
Armour
 n - a +2 pair of boots of stealth (worn)
 p - the +0 pair of fencer's gloves (worn) {Riposte Dex+3}
   (You bought it in a shop on level 6 of the Dungeon)

   It allows the wearer to riposte with melee weapons, swiftly retaliating
   against missed attacks.
   Dex:       It affects your dexterity (+3).
 v - the +15 Maxwell's patent armour (worn) {-Cast -Tele rElec Will+ rCorr}
   (You found it in a sewer)

   rElec:     It insulates you from electricity.
   -Cast:     It prevents spellcasting.
   -Tele:     It prevents most forms of teleportation.
   rCorr:     It protects you from acid and corrosion.
   Will:      It increases your willpower.
 x - a scarf of resistance (worn)
 y - a +2 hat of intelligence (worn)
 M - a +2 kite shield of reflection (worn)
 N - a +0 tower shield
Jewellery
 c - the amulet of Xom's Amusement (around neck) {Spirit rC+ Int+3}
   (You took it off a deep elf annihilator on level 3 of the Elven Halls)

   [amulet of guardian spirit]

   It causes incoming damage to be divided between your reserves of health and
   magic.
   Int:       It affects your intelligence (+3).
   rC:        It protects you from cold.
 g - a ring of magical power
 j - a ring of resist corrosion
 l - a ring of magical power
 E - a ring of positive energy
 I - the ring "Muwisa" {Fire Dex+7}
   (You found it in an ice cave)

   [ring of fire]

   It enhances your fire magic.
   Dex:       It affects your dexterity (+7).
   rF:        It protects you from fire.
   rC:        It makes you vulnerable to cold.
 O - the ring of the Barnacle {rN+ MP+9 Str+3}
   (You found it in an ice cave)

   [ring of magical power]

   Str:       It affects your strength (+3).
   rN:        It protects you from negative energy.
   MP:        It affects your magic capacity (+9).
 P - the ring "Nouzy" (left hand) {rF+ Int+6 Dex+4 Slay+3}
   (You found it in a Gauntlet)

   [ring of intelligence]

   Int:       It affects your intelligence (+6).
   Dex:       It affects your dexterity (+4).
   Slay:      It affects your accuracy & damage with ranged weapons and melee
   (+3).
   rF:        It protects you from fire.
 V - the ring "Tiarph" (right hand) {Fly rC+ rN+ Str+7 Int-2}
   (You took it off a deep elf high priest on level 3 of the Elven Halls)

   [ring of flight]

   Str:       It affects your strength (+7).
   Int:       It affects your intelligence (-2).
   rC:        It protects you from cold.
   rN:        It protects you from negative energy.
   Fly:       It grants you flight.
Wands
 o - a wand of iceblast (22)
 r - a wand of polymorph (10)
 z - a wand of paralysis (15)
 D - a wand of charming (24)
 F - a wand of digging (19)
 J - a wand of acid (5)
 K - a wand of flame (52)
Scrolls
 b - 13 scrolls of identify
 h - a scroll of immolation
 m - 16 scrolls of teleportation
 A - a scroll of magic mapping
 B - 4 scrolls of blinking
 L - 6 scrolls of enchant weapon
 Q - 7 scrolls of fog
 S - 2 scrolls of fear
 X - a scroll of silence
 Y - 2 scrolls of enchant armour
Potions
 a - 8 potions of curing
 d - 3 potions of ambrosia
 f - 3 potions of heal wounds
 i - 3 potions of flight
 q - 7 potions of brilliance
 s - 4 potions of cancellation
 t - 7 potions of haste
 u - 7 potions of mutation
 C - 2 potions of berserk rage
 G - 6 potions of magic
 H - 2 potions of resistance
Miscellaneous
 e - a phantom mirror
 R - a lightning rod (4/4)


   Skills:
 + Level 19.1 Fighting
 - Level 21.0 Axes
 + Level 13.0 Armour
 + Level 8.1 Dodging
 - Level 15.0 Shields


You had 18 spell levels left.
You didn't know any spells.
Your spell library contained the following spells:

 Spells                   Type           Power      Damage    Failure   Level
 Animate Skeleton         Necr           0%         N/A       69%         1
 Apportation              Tloc           0%         N/A       69%         1
 Beastly Appendage        Tmut           0%         N/A       69%         1
 Sandblast                Erth           0%         2d4       69%         1
 Sting                    Tmut/Pois      0%         1d3       69%         1
 Summon Small Mammal      Summ           0%         N/A       69%         1
 Corpse Rot               Necr/Air       N/A        N/A       83%         2
 Ensorcelled Hibernation  Hex/Ice        0%         N/A       83%         2
 Passwall                 Tmut/Erth      0%         N/A       83%         2
 Poisonous Vapours        Pois/Air       0%         N/A       83%         2
 Slow                     Hex            0%         N/A       83%         2
 Static Discharge         Conj/Air       0%         N/A       83%         2
 Sublimation of Blood     Necr           0%         N/A       83%         2
 Wereblood                Tmut           0%         N/A       83%         2
 Call Canine Familiar     Summ           0%         N/A       96%         3
 Confusing Touch          Hex            0%         N/A       96%         3
 Dazzling Flash           Conj/Hex       0%         N/A       96%         3
 Gell's Gravitas          Tloc           0%         N/A       96%         3
 Ignite Poison            Fire/Tmut/Pois 0%         N/A       96%         3
 Inner Flame              Hex/Fire       0%         N/A       96%         3
 Lesser Beckoning         Tloc           0%         N/A       96%         3
 Mephitic Cloud           Conj/Pois/Air  0%         N/A       96%         3
 Ozocubu's Armour         Ice            0%         N/A       96%         3
 Spider Form              Tmut/Pois      0%         N/A       96%         3
 Stone Arrow              Conj/Erth      0%         3d7       96%         3
 Summon Guardian Golem    Hex/Summ       0%         N/A       96%         3
 Swiftness                Air            0%         N/A       96%         3
 Teleport Other           Tloc           0%         N/A       96%         3
 Vampiric Draining        Necr           0%         2d6       96%         3
 Animate Dead             Necr           0%         N/A       100%        4
 Dispel Undead            Necr           0%         3d6       100%        4
 Hailstorm                Conj/Ice       0%         3d3       100%        4
 Ice Form                 Ice/Tmut       0%         N/A       100%        4
 Iskenderun's Mystic Bla  Conj/Tloc      0%         2d3       100%        4
 Olgreb's Toxic Radiance  Pois           0%         N/A       100%        4
 Petrify                  Tmut/Erth      0%         N/A       100%        4
 Sticky Flame             Conj/Fire      0%         2d3       100%        4
 Summon Ice Beast         Ice/Summ       0%         N/A       100%        4
 Agony                    Necr           0%         N/A       100%        5
 Blade Hands              Tmut           0%         N/A       100%        5
 Borgnjor's Vile Clutch   Necr/Erth      0%         N/A       100%        5
 Excruciating Wounds      Necr           0%         N/A       100%        5
 Freezing Cloud           Conj/Ice/Air   0%         6-21      100%        5
 Irradiate                Conj/Tmut      0%         3d13      100%        5
 Lightning Bolt           Conj/Air       0%         1d11      100%        5
 Death Channel            Necr           0%         N/A       100%        6
 Eringya's Noxious Bog    Tmut/Pois      0%         N/A       100%        6
 Simulacrum               Ice/Necr       0%         N/A       100%        6
 Starburst                Conj/Fire      0%         6d3       100%        6
 Statue Form              Tmut/Erth      0%         N/A       100%        6
 Dragon Form              Tmut           0%         N/A       100%        7
 Ozocubu's Refrigeration  Ice            0%         4d5       100%        7
 Discord                  Hex            0%         N/A       100%        8
 Maxwell's Capacitive Co  Air            0%         ∞         100%        8
 Fire Storm               Conj/Fire      0%         5d1       100%        9


Dungeon Overview and Level Annotations

Branches:
Dungeon (14/15)            Temple (1/1) D:6            Lair (6/6) D:11
  Swamp (4/4) Lair:2       Spider (4/4) Lair:3        Slime (5/5) Lair:5
    Orc (2/2) D:9             Elf (3/3) Orc:2        Vaults (0/5) D:14
  Sewer (visited)          Bailey (visited)           IceCv (visited)
Volcano (visited)         Gauntlet (visited)

Altars:
Ashenzari
Cheibriados
Dithmenos
Elyvilon
Fedhas
Gozag
Hepliaklqana
Kikubaaqudgha
Makhleb
Nemelex Xobeh
Okawaru
Qazlal
Ru
Sif Muna
Trog
Uskayaw
Vehumet
Wu Jian
Xom
Yredelemnul
The Shining One
Jiyva

Shops:
D:5 :*:*   D:6 [   D:7 *   D:9 *   D:11 :*?[   D:13 *   Orc:2 ?:[*   Elf:2 (

Annotations:
D:3 Natasha
Slime:5 Royal Jelly


Innate Abilities, Weirdness & Mutations

You have a pair of horns on your head.
Your demonic aura often causes spilled blood to erupt in flames.
When hurt, damage is shared between your health and your magic reserves.
You regenerate magic rapidly.
When low on magic, you restore magic in place of health.
When seriously injured, your bleeding wounds create very thick armour. (AC +12)
You are clumsy. (Dex -2)
Your spells are a little easier to cast, but a little less powerful.
You sometimes lose the ability to read scrolls when taking damage.


Message History

The rockslime quivers.
A quicksilver ooze comes into view. [a] - 621 gold - resistance, invisibility and heal wounds [b] - 480 gold - haste and resistance [c] - 264 gold - curing and magic Purchase which effect?
You feel protected.
You fade into invisibility!
You feel much better. The acid blob spits acid at you.
The splash of acid hits you but does no damage.
The rockslime hits you but does no damage.
The acid blob spits acid at you. The splash of acid hits you. You resist.
You are very lightly contaminated with residual magic.
You slash the acid blob!
You kill the acid blob!
That felt strangely unrewarding.
You slice the acid blob!!
Your hands burn!
You hit the rockslime but do no damage.
The rockslime is no longer distracted by gold.
The rockslime hits you but does no damage.
The acid blob spits acid at you. The splash of acid hits you! You resist.
* * * LOW HITPOINT WARNING * * *
The acid blob spits acid at you. The splash of acid hits you! You resist.
* * * LOW HITPOINT WARNING * * *
The quicksilver ooze is distracted by your dazzling golden aura.
The rockslime hits you!!
* * * LOW HITPOINT WARNING * * *
You hold your ground!
A rockslime comes into view.
The acid blob is engulfed in blazing flames.
The acid blob spits acid at you. The splash of acid misses you.
The acid blob is engulfed in blazing flames.
The acid blob hits you!
* * * LOW HITPOINT WARNING * * *
The acid corrodes you!
You are splashed with acid.
You resist.
You die...
Your body crumbles into a pile of gold.

............###
............# $ $
.......$$..## .
.........### #.
.......$$# $ ##G $
.......$.# $ #=## $
........$#########.
.........J#JJJ#JJ..
.........J@J#
.........####
..........
.........## $
.......... $ $ $
.......... $
......... .......


You could see 3 acid blobs, a slime creature, 2 rockslimes and 2 quicksilver
oozes.

Vanquished Creatures
  Dissolution (Slime:2)
  A golden dragon (IceCv)
  A tentacled monstrosity (Swamp:3)
  Rupert (D:14)
  3 deep elf blademasters
  2 deep elf master archers (Elf:3)
  8 acid blobs
  Gastronok (D:9)
  A kraken (Abyss:3)
  Frances (Elf:1)
  Kirke (D:14)
  Donald (Swamp:3)
  Roxanne (D:14)
  2 azure jellies (Slime:1)
  A rockslime (Slime:3)
  An orc warlord (Orc:2)
  Aizul (Swamp:3)
  3 ghost moths (Spider:4)
  6 emperor scorpions
  5 deep elf sorcerers (Elf:3)
  6 deep elf elementalists (Elf:3)
  7 deep elf annihilators
  4 entropy weavers
  A deep elf demonologist (Elf:3)
  A minotaur (Gauntlet)
  2 bunyips (Swamp:4)
  3 spark wasps
  6 deep elf death magi
  3 eleionomae
  A fire dragon (Lair:6)
  2 shambling mangroves
  4 deep elf high priests (Elf:3)
  2 great orbs of eyes
  Harold (D:8)
  2 vault guards (D:14)
  5 boulder beetles
  A spriggan air mage (Swamp:1)
  28 hydras
  5 ogre magi
  2 ghost crabs
  21 two-headed ogres
  Erica (Lair:2)
  5 ice dragons (IceCv)
  5 centaur warriors
  12 alligators
  An orc high priest (Orc:1)
  2 tengu warriors (D:14)
  2 thrashing horrors (Abyss:3)
  Urug (Lair:5)
  2 large abominations (Elf:1)
  The ghost of HAL9000 the Jinx, a journeyman VSBr of Uskayaw (D:9)
  Nergalle (Lair:2)
  35 slime creatures
  The ghost of yegreS the Cleaver, a novice MiFi of Uskayaw (D:9)
  3 skeletal warriors (D:14)
  16 deep elf knights
  4 spriggan druids
  9 swamp dragons
  5 deep elf archers
  An orange crystal statue (IceCv)
  4 spectral wolf spiders (Spider:3)
  7 necromancers
  2 lindwurms (Lair:6)
  5 wolf spider zombies (Spider:3)
  4 bog bodies
  An orc knight (Orc:1)
  21 wolf spiders
  7 orb spiders
  4 orc sorcerers
  20 ugly things
  17 deep elf pyromancers
  17 deep elf zephyrmancers
  3 cyclopes (D:11)
  2 manticores
  A salamander (Volcano)
  5 will-o-the-wisps
  A shining eye (Slime:2)
  18 elephants
  2 moths of wrath (Spider:2)
  A gargoyle (D:14)
  7 black mambas
  7 cane toads
  3 molten gargoyles (Lair:6)
  2 torpor snails
  5 storm dragon simulacra (IceCv)
  An unseen horror (D:13)
  A kobold demonologist (D:12)
  11 komodo dragons
  2 rime drakes
  8 golden dragon simulacra (IceCv)
  2 entropy weaver simulacra (D:14)
  A queen bee (Gauntlet)
  8 demonic crawlers
  A polar bear (Lair:2)
  33 jumping spiders
  12 trolls
  9 tyrant leeches
  16 hornets
  5 wolf spider simulacra (Spider:3)
  29 blink frogs
  18 dream sheep
  2 air elementals
  81 redbacks
  4 shadows
  31 yaks
  12 wyverns
  Sigmund (D:4)
  8 spriggans
  A water elemental (Elf:1)
  4 wraiths
  3 hogs (D:14)
  27 tarantellas
  2 dire elephant simulacra (D:14)
  A spriggan simulacrum (D:14)
  2 fire bats (Volcano)
  3 fire elementals
  9 humans (D:14)
  5 golden eyes (Slime:3)
  2 basilisks
  3 steam dragons
  Grum (D:8)
  9 vampire mosquitoes
  2 minotaur simulacra (D:14)
  16 wargs
  13 swamp worms
  2 acid dragons
  A water moccasin (shapeshifter) (Elf:3)
  15 water moccasins
  6 hell hounds
  10 swamp drakes
  2 sky beasts
  A black bear (Lair:2)
  33 orc warriors
  2 necrophages
  39 wolves
  A hornet zombie (D:8)
  3 ice dragon simulacra (IceCv)
  14 centaurs
  31 ogres
  A phantom (D:9)
  6 kobold brigands
  4 gnoll sergeants (D:11)
  An elf zombie (Elf:1)
  5 bullfrogs
  Blork the orc (D:6)
  2 scorpions
  A deep troll simulacrum (D:14)
  An earth elemental (Elf:3)
  2 troll zombies (D:9)
  8 killer bees
  5 lindwurm simulacra (IceCv)
  A wight (D:8)
  6 electric eels
  10 howler monkeys
  A crimson imp (D:6)
  5 centaur zombies
  5 hounds
  5 lava snakes (Lair:6)
  20 orc priests
  2 bullfrog skeletons
  2 gnoll shamans
  Crazy Yiuf (D:4)
  A centaur skeleton (D:7)
  3 iguanas
  15 orc wizards
  4 ogre zombies (D:9)
  9 adders
  11 gnolls
  2 river rats (Sewer)
  An ufetubus (D:2)
  An adder skeleton (D:4)
  An adder zombie (D:5)
  2 worms
  2 dart slugs (D:2)
  46 orcs
  2 endoplasms
  6 giant cockroaches
  11 goblins
  12 hobgoblins
  2 jackals (D:2)
  26 kobolds
  2 quokkas
  13 ball pythons
  5 bats
  3 frilled lizards
  2 goblin skeletons (D:9)
  2 goblin zombies (D:9)
  A hobgoblin skeleton (D:9)
  14 orc zombies (D:9)
  30 rats
  4 tentacles (Abyss:3)
1309 creatures vanquished.

Vanquished Creatures (others)
  26 dancing weapons
  An alligator (Swamp:2)
  A deep elf knight (Elf:1)
  2 spriggans (Swamp:2)
  2 goliath frogs (Swamp:2)
  2 tyrant leeches (Swamp:2)
  A bloated husk (Swamp:2)
  2 hornets (Swamp:2)
  A human (D:14)
  A swamp drake (Swamp:2)
  An orc wizard (D:6)
  20 foxfires
  17 fungi
  43 plants
  4 starspawn tentacles (Abyss:3)
  4 tentacles (Abyss:3)
128 creatures vanquished.

Grand Total: 1437 creatures vanquished

Notes
Turn   | Place    | Note
-------+----------+-------------------------------------------
     0 | D:1      | mrsnowman the Demonspawn Fighter began the quest for the
                  | Orb.
     0 | D:1      | Reached XP level 1. HP: 18/18 MP: 1/1
   170 | D:1      | Gained mutation: You regenerate magic rapidly. [demonic
                  | ancestry]
   170 | D:1      | Reached XP level 2. HP: 24/24 MP: 2/2
   406 | D:1      | Reached skill level 2 in Axes
  1041 | D:2      | Reached XP level 3. HP: 29/29 MP: 3/3
  1081 | D:2      | Reached skill level 1 in Dodging
  1719 | D:2      | Gained mutation: When seriously injured, your bleeding
                  | wounds create armour. (AC +12) [demonic ancestry]
  1719 | D:2      | Reached XP level 4. HP: 33/35 MP: 4/4
  2325 | D:3      | Noticed a scorpion
  2329 | D:3      | Killed a scorpion
  2330 | D:3      | Reached XP level 5. HP: 42/42 MP: 5/5
  2399 | D:3      | Noticed Natasha
  2399 | D:3      | You fall into a shaft and drop 1 floor!
  2412 | D:4      | Found a runed translucent door.
  2413 | D:4      | Noticed Crazy Yiuf
  2512 | D:4      | Killed Crazy Yiuf
  2601 | D:4      | Found a glowing drain.
  2605 | Sewer    | Entered a sewer
  2870 | Sewer    | Reached skill level 3 in Axes
  3289 | Sewer    | Found the +15 Maxwell's patent armour {-Cast -Tele rElec
                  | Will+ rCorr}
  3302 | Sewer    | Gained mutation: You have a pair of small horns on your
                  | head. [demonic ancestry]
  3302 | Sewer    | Reached XP level 6. HP: 30/48 MP: 6/6
  3828 | D:4      | Gained mutation: When hurt, damage is shared between your
                  | health and your magic reserves. [demonic ancestry]
  3828 | D:4      | Reached XP level 7. HP: 55/55 MP: 7/7
  3882 | D:4      | Noticed Sigmund
  3896 | D:4      | Killed Sigmund
  4183 | D:4      | Reached skill level 4 in Axes
  4462 | D:5      | Entered Level 5 of the Dungeon
  4462 | D:5      | Found Qiluwk's Book Emporium.
  4492 | D:5      | Reached skill level 5 in Fighting
  4526 | D:5      | Found Xesuc's Assorted Antiques.
  4642 | D:5      | Found Lepeekkyli's Assorted Antiques.
  4647 | D:5      | Found Deehiode's Book Shoppe.
  4936 | D:5      | Gained mutation: You have a pair of horns on your head.
                  | [demonic ancestry]
  4936 | D:5      | Reached XP level 8. HP: 62/62 MP: 8/8
  5401 | D:6      | Found Qiesutuo's Armour Emporium.
  5430 | D:6      | Noticed Blork the orc
  5446 | D:6      | Killed Blork the orc
  5447 | D:6      | Reached skill level 5 in Armour
  5581 | D:6      | Reached skill level 5 in Axes
  5923 | D:6      | Found a radiant altar of Vehumet.
  5924 | D:6      | Found a burning altar of Makhleb.
  6415 | D:6      | Found a staircase to the Ecumenical Temple.
  6423 | Temple   | Entered the Ecumenical Temple
  6471 | Temple   | Became a worshipper of Gozag Ym Sagoz the Greedy
  6753 | D:7      | Found an ornate altar of the Wu Jian Council.
  6923 | D:7      | Identified the +0 chain mail "Viofas" {Str+2 Stlth+}
  6948 | D:7      | Found Mututan's General Store.
  6964 | D:7      | Bought a potion of curing for 45 gold pieces
  6964 | D:7      | Bought a scroll of identify for 30 gold pieces
  7171 | D:8      | Found a shimmering altar of Xom.
  7219 | D:8      | Gained mutation: When low on magic, you restore magic in
                  | place of health. [demonic ancestry]
  7219 | D:8      | Reached XP level 9. HP: 30/71 MP: 9/9
  7664 | D:8      | Reached skill level 6 in Axes
  7665 | D:8      | Noticed Grum
  7943 | D:8      | Killed Grum
  8586 | D:8      | Noticed Harold
  8594 | D:8      | Killed Harold
  8595 | D:8      | Reached skill level 7 in Axes
  8598 | D:8      | Gained mutation: Your demonic aura sometimes causes spilled
                  | blood to erupt in flames. [demonic ancestry]
  8598 | D:8      | Reached XP level 10. HP: 74/80 MP: 10/10
  9134 | D:7      | Found an iron altar of Okawaru.
  9134 | D:7      | Found a hazy altar of Hepliaklqana.
  9446 | D:9      | Found a flagged portal.
  9461 | Bailey   | Entered a bailey
  9578 | Bailey   | Reached skill level 8 in Axes
 10190 | D:9      | Found a runed translucent gate.
 10190 | D:9      | Found a runed translucent gate.
 10190 | D:9      | Found a runed translucent gate.
 10191 | D:9      | Noticed yegreS's ghost (novice MiFi)
 10191 | D:9      | Noticed HAL9000's ghost (journeyman VSBr)
 10304 | D:9      | Found a staircase to the Orcish Mines.
 10524 | D:9      | Found Wusueh's Assorted Antiques.
 10685 | D:9      | Noticed Gastronok
 10706 | D:9      | Killed Gastronok
 10707 | D:9      | Gained mutation: When seriously injured, your bleeding
                  | wounds create thick armour. (AC +12) [demonic ancestry]
 10707 | D:9      | Reached XP level 11. HP: 69/90 MP: 11/11
 11040 | D:9      | Reached skill level 10 in Fighting
 11165 | D:9      | Killed HAL9000's ghost
 11166 | D:9      | Reached skill level 9 in Axes
 11183 | D:9      | Killed yegreS's ghost
 11400 | D:6      | Bought the +0 pair of fencer's gloves {Riposte Dex+3} for
                  | 480 gold pieces
 11400 | D:6      | Found the +0 pair of fencer's gloves {Riposte Dex+3}
 11472 | D:5      | Bought a scroll of enchant armour for 157 gold pieces
 11553 | D:7      | Bought a scroll of identify for 30 gold pieces
 11553 | D:7      | Bought a scroll of enchant armour for 112 gold pieces
 11670 | D:10     | Entered Level 10 of the Dungeon
 11754 | D:10     | Identified the +4 great mace of the Lesser Evil {vorpal,
                  | rC+ MP+9}
 12235 | D:11     | Noticed a brown ugly thing
 12325 | Orc:1    | Entered Level 1 of the Orcish Mines
 12412 | Orc:1    | Noticed an orc sorcerer
 12413 | Orc:1    | Noticed an orc knight
 12425 | Orc:1    | Killed an orc knight
 12426 | Orc:1    | Reached skill level 10 in Armour
 12426 | Orc:1    | Noticed a sun demon
 12434 | Orc:1    | Noticed an orc sorcerer
 12436 | Orc:1    | Noticed a sun demon
 12441 | Orc:1    | Noticed a soul eater
 12444 | Orc:1    | Killed an orc sorcerer
 12762 | Orc:1    | Paralysed by an orc sorcerer for 3 turns
 12773 | Orc:1    | Killed an orc sorcerer
 12774 | Orc:1    | Reached skill level 10 in Axes
 12960 | Orc:1    | Noticed an orc high priest
 12971 | Orc:1    | Killed an orc high priest
 13307 | Orc:1    | Noticed an orc sorcerer
 13318 | Orc:1    | Killed an orc sorcerer
 13649 | Orc:2    | Entered Level 2 of the Orcish Mines
 13764 | Orc:2    | Reached XP level 12. HP: 82/98 MP: 12/12
 14179 | Orc:2    | Found a staircase to the Elven Halls.
 14282 | Orc:2    | Noticed a two-headed ogre
 14282 | Orc:2    | Noticed a two-headed ogre
 14285 | Orc:2    | Noticed a two-headed ogre
 14301 | Orc:2    | Killed a two-headed ogre
 14304 | Orc:2    | Noticed an ogre mage
 14309 | Orc:2    | Killed a two-headed ogre
 14312 | Orc:2    | Noticed a two-headed ogre
 14318 | Orc:2    | Killed an ogre mage
 14319 | Orc:2    | Reached skill level 11 in Axes
 14326 | Orc:2    | Noticed an ogre mage
 14328 | Orc:2    | Killed a two-headed ogre
 14336 | Orc:2    | Noticed an ogre mage
 14351 | Orc:2    | Killed an ogre mage
 14359 | Orc:2    | Killed an ogre mage
 14438 | Orc:2    | Found Saass's Armour Shop.
 14438 | Orc:2    | Found Xiduept's Magic Scroll Emporium.
 14439 | Orc:2    | Found Fuhaxeim's General Store.
 14439 | Orc:2    | Found Zukkops's Book Shop.
 14458 | Orc:2    | Noticed an ogre mage
 14460 | Orc:2    | Noticed a two-headed ogre
 14462 | Orc:2    | Noticed a two-headed ogre
 14463 | Orc:2    | Noticed a two-headed ogre
 14465 | Orc:2    | Killed an ogre mage
 14475 | Orc:2    | Killed a two-headed ogre
 14476 | Orc:2    | Killed a two-headed ogre
 14479 | Orc:2    | Killed a two-headed ogre
 14481 | Orc:2    | Noticed a two-headed ogre
 14495 | Orc:2    | Killed a two-headed ogre
 14630 | Orc:2    | Noticed an orc warlord
 14649 | Orc:2    | Killed an orc warlord
 14650 | Orc:2    | Reached skill level 12 in Axes
 14947 | Orc:2    | Noticed a two-headed ogre
 14962 | Orc:2    | Killed a two-headed ogre
 15069 | Orc:2    | Killed a two-headed ogre
 15070 | Orc:2    | Reached XP level 13. HP: 88/108 MP: 13/13
 15233 | Orc:2    | Bought a scroll of enchant armour for 105 gold pieces
 15603 | D:11     | Found a staircase to the Lair.
 15648 | D:11     | Found Leroweco's Antique Armour Shoppe.
 15650 | D:11     | Found Voepreuf's Assorted Antiques.
 15663 | D:11     | Found Reto's Magic Scroll Shoppe.
 15679 | D:11     | Found Wistrycimo's Book Shoppe.
 15687 | D:11     | Bought a scroll of blinking for 135 gold pieces
 15687 | D:11     | Bought a scroll of enchant weapon for 135 gold pieces
 15693 | D:11     | Bought a potion of heal wounds for 160 gold pieces
 16362 | D:11     | Reached skill level 5 in Dodging
 16385 | D:11     | Reached skill level 13 in Axes
 16924 | Lair:1   | Entered Level 1 of the Lair of Beasts
 16936 | Lair:1   | Found a broken altar of Ashenzari.
 17844 | Lair:2   | Noticed Erica
 17852 | Lair:2   | Killed Erica
 17883 | Lair:2   | Found a gate leading to a gauntlet.
 17892 | Gauntlet | Entered a Gauntlet
 17892 | Gauntlet | Found a transporter.
 17896 | Gauntlet | Found a transporter.
 17898 | Gauntlet | Found a transporter.
 17913 | Gauntlet | Found a transporter.
 17915 | Gauntlet | Found a transporter.
 17917 | Gauntlet | Noticed an entropy weaver
 17996 | Gauntlet | Found a transporter.
 18003 | Gauntlet | Found a transporter.
 18004 | Gauntlet | Found the +2 hat of the Bear Spirit {Spirit, *Rage rN+
                  | Will++}
 18014 | Gauntlet | Found a transporter.
 18026 | Gauntlet | Found a transporter.
 18045 | Gauntlet | Found a transporter.
 18056 | Gauntlet | Found a transporter.
 18056 | Gauntlet | Found a transporter.
 18110 | Gauntlet | Found a transporter.
 18127 | Gauntlet | Found a transporter.
 18309 | Gauntlet | Reached skill level 14 in Axes
 18320 | Gauntlet | Killed an entropy weaver
 18321 | Gauntlet | Reached XP level 14. HP: 103/119 MP: 14/14
 18340 | Gauntlet | Identified the ring "Nouzy" {rF+ Int+6 Dex+4 Slay+3}
 18384 | Gauntlet | Identified the +0 robe of Fallacy {*Corrode rN++ Str+5}
 18385 | Gauntlet | Got the Compendium of Cloudy Beguiling
 18660 | Lair:2   | Noticed Nergalle
 18672 | Lair:2   | Killed Nergalle
 19289 | Lair:2   | Found a staircase to the Swamp.
 19456 | Lair:3   | Reached skill level 15 in Axes
 19937 | Lair:3   | Found a hole to the Spider Nest.
 20456 | Lair:4   | Reached skill level 16 in Axes
 20467 | Lair:4   | Found a dark tunnel.
 20478 | Volcano  | Entered a volcano
 21900 | Lair:5   | Found a viscous altar of Jiyva.
 21903 | Lair:5   | Found a staircase to the Slime Pits.
 21980 | Lair:5   | Noticed Urug
 21989 | Lair:5   | Killed Urug
 22137 | Lair:5   | Reached skill level 17 in Axes
 22437 | Lair:6   | Entered Level 6 of the Lair of Beasts
 22451 | Lair:6   | Reached XP level 15. HP: 97/126 MP: 12/15
 22711 | Lair:6   | Found a large runed translucent door.
 23185 | Lair:6   | Reached skill level 18 in Axes
 23939 | Lair:6   | Found a large runed translucent door.
 24206 | Swamp:1  | Entered Level 1 of the Swamp
 25420 | Swamp:1  | Reached skill level 15 in Fighting
 25843 | Swamp:1  | Identified the +7 hand axe of Ereunk {pain, Will++ Str-2
                  | Dex+5}
 26095 | Swamp:1  | Identified the +7 great sword "Juskiyc" {pain, Drain rN+
                  | Int+3}
 27008 | Swamp:3  | Noticed Aizul
 27017 | Swamp:3  | Killed Aizul
 27080 | Swamp:3  | Noticed a tentacled monstrosity
 27090 | Swamp:3  | Killed a tentacled monstrosity
 27182 | Swamp:3  | Noticed Donald
 27189 | Swamp:3  | Killed Donald
 27198 | Swamp:3  | Reached XP level 16. HP: 110/136 MP: 16/16
 27363 | Swamp:3  | Reached skill level 19 in Axes
 28035 | Swamp:4  | Entered Level 4 of the Swamp
 28482 | Swamp:4  | Reached skill level 5 in Shields
 29036 | Swamp:4  | HP: 3/139 [poison (poison gas)]
 30085 | Swamp:4  | Got a decaying rune of Zot
 30233 | Spider:1 | Entered Level 1 of the Spider Nest
 31121 | Spider:1 | You fall into a shaft and drop 1 floor!
 32791 | Spider:2 | Reached XP level 17. HP: 146/146 MP: 17/17
 33010 | Spider:2 | Upgraded the game from 0.28-a0-586-gbdb9d174a4 to
                  | 0.28-a0-592-g6fc52098c6
 33773 | Spider:3 | Reached skill level 20 in Axes
 34602 | Spider:4 | Entered Level 4 of the Spider Nest
 35655 | Spider:4 | Got a gossamer rune of Zot
 36760 | Elf:1    | Entered Level 1 of the Elven Halls
 37660 | Elf:1    | Gained mutation: Your demonic aura often causes spilled
                  | blood to erupt in flames. [demonic ancestry]
 37660 | Elf:1    | Reached XP level 18. HP: 92/154 MP: 18/18
 37666 | Elf:1    | Reached skill level 10 in Shields
 37943 | Elf:1    | Got the Guide on Darkness
 38005 | Elf:1    | Noticed Frances
 38023 | Elf:1    | Killed Frances
 38513 | Elf:2    | Found Zefuozes's Antique Weapon Shop.
 38684 | Elf:2    | Reached skill level 21 in Axes
 38728 | Elf:2    | Found a runed translucent gate.
 38729 | Elf:2    | Found a runed translucent gate.
 38729 | Elf:2    | Found a runed translucent gate.
 39497 | Elf:3    | Entered Level 3 of the Elven Halls
 39810 | Elf:3    | Paralysed by an air elemental for 1 turns
 39917 | Elf:3    | Identified the +1 ring mail of the Hanged Man {Int+2}
 40129 | Elf:3    | Identified the ring "Tiarph" {Fly rC+ rN+ Str+7 Int-2}
 40140 | Elf:3    | Identified the ring of Nahiy {Fire Will+}
 40142 | Elf:3    | Cast into level 3 of the Abyss (a deep elf sorcerer)
 40293 | Abyss:3  | Noticed a Hell Sentinel
 40318 | Abyss:3  | Gained mutation: You have hidden genetic defects. [a
                  | neqoxec]
 40352 | Elf:3    | Escaped the Abyss
 40484 | Elf:3    | Identified the +0 leather armour of Fegi {Rampage Drain
                  | Str+3}
 40484 | Elf:3    | Identified the amulet of Xom's Amusement {Spirit rC+ Int+3}
 40508 | Elf:3    | Gained mutation: When seriously injured, your bleeding
                  | wounds create very thick armour. (AC +12) [demonic
                  | ancestry]
 40508 | Elf:3    | Reached XP level 19. HP: 66/163 MP: 19/19
 40847 | Elf:3    | Got the Almanac of Envenoming
 40851 | Elf:3    | Got the Handbook of Damage Dealing
 40863 | Elf:3    | Identified the +9 hand crossbow "Jilur" {speed, rC++ rN++
                  | Str-4}
 40946 | Elf:3    | Got Beited's Disquisition on the Frostbite
 41479 | D:12     | Gained mutation: Your spells are a little easier to cast,
                  | but a little less powerful. [hidden defects]
 42574 | D:13     | Found Huchemee's Assorted Antiques.
 42896 | D:14     | Found a frozen archway.
 42902 | D:14     | Reached skill level 15 in Shields
 42906 | IceCv    | Entered an ice cave
 43430 | IceCv    | Noticed a golden dragon
 43443 | IceCv    | Killed a golden dragon
 43465 | IceCv    | Identified the ring "Muwisa" {Fire Dex+7}
 43473 | IceCv    | Identified the ring of the Barnacle {rN+ MP+9 Str+3}
 43476 | IceCv    | Gained mutation: You sometimes lose the ability to read
                  | scrolls when taking damage. [hidden defects]
 43476 | IceCv    | Lost mutation: You have hidden genetic defects. [hidden
                  | defects expressed]
 43808 | D:14     | Noticed Rupert
 43816 | D:14     | Killed Rupert
 44027 | D:14     | Found a broken altar of Ashenzari.
 44148 | D:14     | Identified Roxanne's Collected Works on Shape Shifting
 44148 | D:14     | Noticed Roxanne
 44163 | D:14     | Killed Roxanne
 44177 | D:14     | Noticed Kirke
 44186 | D:14     | Killed Kirke
 44319 | D:14     | Found a gate to the Vaults.
 44816 | Slime:1  | Entered Level 1 of the Pits of Slime
 45485 | Slime:2  | Noticed Dissolution
 45487 | Slime:2  | Gained mutation: You are clumsy. (Dex -2) [a shining eye]
 45496 | Slime:2  | Killed Dissolution
 45802 | Slime:2  | Found a viscous altar of Jiyva.
 46315 | Slime:5  | Entered Level 5 of the Pits of Slime
 46352 | Slime:5  | Noticed the Royal Jelly
 46373 | Slime:5  | HP: 2/166 [acid blob[the Royal Jelly] (14)]
 46373 | Slime:5  | Splashed by an acid blob's acid

Illustrated notes

Levels and vault maps discovered:
D:1:      heliophobic_arrival_ceremonial_halls, layout_basic
D:2:      layout_basic
D:3:      layout_rooms, marbit_many_paths, gammafunk_ghost_smash, uniq_natasha
D:4:      layout_basic, gup_sewer_entry_bowl, corexii_hall_statues_x,
          uniq_crazy_yiuf_cottage, uniq_sigmund
D:5:      layout_basic, serial_shops, shop, shop, nicolae_shop_stone,
          kennysheep_mini_moat
D:6:      layout_cave_pods, grunt_temple_overflow_lords_of_destruction,
          minmay_temple_entry_glassed_door, serial_glass, glass_columns_b,
          glass_columns_c, serial_shops, kennysheep_mini, uniq_blork_the_orc
D:7:      layout_basic, nicolae_overflow_hidden_temple,
          gammafunk_temple_overflow_elements, serial_shops,
          nicolae_shop_window_shopping
D:8:      layout_gridville, xom_teletrap_fun, minmay_fractal_squares_5,
          uniq_grum, uniq_harold
D:9:      layout_loops_corners, zombieorc1_lemuel, gammafunk_ghost_cemetery,
          serial_glass, glass_columns_a, glass_columns_a, enter_bailey_4,
          serial_shops, shop, st_stairs_8, serial_bayou_lagoon_a, uniq_gastronok
D:10:     layout_basic
D:11:     lemuel_castle_with_subvaults [lemuel_castle_interior_carwin_3],
          layout_irregular_city, lair_entry_dummy, minmay_shop_grid_forest
D:12:     layout_long_grid
D:13:     layout_roguey, serial_shops, shop
D:14:     layout_roguey, ximxim_vaults_locker_room, minmay_curled_crystal,
          portal_ice_cave_entry_ice_simulacra, nrook_mini_backslash,
          evilmike_ruin_ashenzari, uniq_rupert, uniq_kirke, uniq_roxanne
Temple:   bh_familiar_temple
Lair:1:   layout_gridlike, basic_altar
Lair:2:   layout_regular_city, nicolae_swamp_entry_splash_gauntlet,
          gauntlet_entry_generic, beast_lair_carwin_7,
          infiniplex_staircase_pool, grunt_megastairs_1, uniq_erica,
          uniq_nergalle
Lair:3:   layout_misc_corridors, spider_nest_entry_rubble, beast_lair_carwin_9,
          grunt_megastairs_5
Lair:4:   layout_gridlike, nicolae_volcano_entry_two_sided
Lair:5:   layout_long_grid, slime_altar_1, grunt_megastairs_3,
          infiniplex_staircase_pool_2, uniq_urug
Lair:6:   cheibrodos_lair_end_hotspot, layout_hall_layers
Swamp:1:  layout_falls_marsh, nicolae_swamp_orc_logging_accident,
          st_swamp_ruins_1
Swamp:2:  layout_falls_marsh, evilmike_swamp_ruin_house_3
Swamp:3:  layout_basic_swamp, evilmike_swamp_ruin_house_6, uniq_donald,
          uniq_aizul
Swamp:4:  swamp, layout_basic_swamp
Spider:1: layout_chambers
Spider:2: layout_chambers
Spider:3: layout_spider_delve, nicolae_spider_undead_wolf_pack
Spider:4: spider_rune_water, nicolae_spider_spiderdrome
Slime:1:  layout_caves
Slime:2:  layout_caves, basic_altar, dissolution_awaits
Slime:3:  cheibrodos_slime_lost_civilization_8, layout_caves
Slime:4:  layout_caves
Slime:5
Orc:1:    cheibrodos_orc_guarddog, layout_caves
Orc:2:    st_orc_ogre_mass, layout_diamond_mine, minmay_orc_barracks
Elf:1:    layout_gridlike, minmay_elf_necromancy, grunt_ministairs_11,
          uniq_frances
Elf:2:    nicolae_elf_blades_crystal_corner, layout_loops_corners, serial_shops,
          shop
Elf:3:    minmay_elf_hall_spiked, layout_loops_cross

Skill      XL: |  1  2  3  4  5  6  7  8  9 10 11 12 13 14 15 16 17 18 19 |
---------------+----------------------------------------------------------+-----
Axes           | 2 3 4 5 7 8 10 12 14 17 18 19 20 21 | 21.0
Armour         | 3 4 6 7 9 10 12 13 | 13.0
Dodging        | 1 2 3 4 5 8 |  8.1
Shields        | 3 4 7 9 14 15 | 15.0
Fighting       | 4 5 6 8 9 10 12 13 14 15 16 18 19 | 19.1

Action                   |  1- 3 |  4- 6 |  7- 9 | 10-12 | 13-15 | 16-18 | 19-21 || total
-------------------------+-------+-------+-------+-------+-------+-------+-------++-------
Melee: War axe           |   106 |   166 |   209 |       |       |       |       ||   481
       Headbutt          |       |     5 |    82 |    98 |   212 |   324 |   176 ||   897
       Broad axe         |       |       |   120 |   477 |   819 |  1125 |   402 ||  2943
Throw: Dart              |       |     3 |     7 |     7 |       |       |       ||    17
       Throwing net      |       |       |       |     3 |       |       |       ||     3
Invok: Potion Petition   |       |       |       |       |       |     1 |     1 ||     2
Evoke: Wand              |       |       |       |    13 |     4 |     2 |       ||    19
       Lightning rod     |       |       |       |       |       |     3 |       ||     3
       Phantom mirror    |       |       |       |       |       |     1 |       ||     1
  Use: Scroll            |       |     3 |    10 |    13 |     4 |     4 |     3 ||    37
       Potion            |       |     1 |     1 |       |    10 |    19 |     2 ||    33
 Stab: Distracted        |       |       |     1 |     2 |     9 |     9 |     1 ||    22
       Held in net/web   |       |       |       |       |       |     1 |       ||     1
       Invisible         |       |       |       |       |       |    16 |       ||    16
Armor: Scale mail        |    70 |    95 |       |       |       |       |       ||   165
       Plate armour      |       |    39 |   334 |   322 |   634 |   913 |   188 ||  2430
Dodge: Dodged            |    51 |    97 |   141 |   147 |   303 |   327 |   100 ||  1166
Block: Buckler           |    24 |    55 |    97 |   313 |   485 |    19 |       ||   993
       Reflection        |       |       |       |    21 |     7 |    24 |    16 ||    68
       Kite shield       |       |       |       |       |       |   972 |   230 ||  1202
       Rpst.: Broad axe  |       |       |       |    22 |    54 |    57 |    19 ||   152

Table legend: (Time is in decaauts)
 A = Elapsed time spent in this place.
 B = Non-inter-level travel time spent in this place.
 C = Inter-level travel time spent in this place.
 D = Time resting spent in this place.
 E = Time spent auto-exploring this place.
 F = Levels seen in this place.
 G = Mean time per level.
                   A        B        C        D        E       F      G
               +--------+--------+--------+--------+--------+-----+--------+
         Total |  46502 |  44090 |   2412 |   2545 |  31225 |  45 | 1033.4 |
       Dungeon |  15209 |  14076 |   1133 |    778 |  10028 |  14 | 1086.4 |
        Temple |    167 |    152 |     15 |      0 |    147 |   1 |  167.0 |
          Lair |   6415 |   5944 |    471 |      0 |   4893 |   6 | 1069.2 |
         Swamp |   6132 |   5868 |    264 |    468 |   4401 |   4 | 1533.0 |
   Spider Nest |   6269 |   6123 |    146 |    227 |   4939 |   4 | 1567.2 |
    Slime Pits |   1515 |   1515 |      0 |    280 |    686 |   5 |  303.0 |
  Orcish Mines |   3285 |   3120 |    165 |    272 |   1948 |   2 | 1642.5 |
   Elven Halls |   4175 |   3959 |    216 |     86 |   2711 |   3 | 1391.7 |
         Abyss |    161 |    161 |      0 |      0 |      0 |   1 |  161.0 |
         Sewer |   1211 |   1211 |      0 |    296 |    552 |   1 | 1211.0 |
        Bailey |    259 |    259 |      0 |      0 |     42 |   1 |  259.0 |
      Ice Cave |    662 |    662 |      0 |      0 |    421 |   1 |  662.0 |
       Volcano |    543 |    543 |      0 |    138 |    217 |   1 |  543.0 |
      Gauntlet |    492 |    492 |      0 |      0 |    238 |   1 |  492.0 |
               +--------+--------+--------+--------+--------+-----+--------+

Top non-repeatable levels by time:
 Swamp:1: 2271 daAuts
 Swamp:4: 2144 daAuts
     D:9: 1984 daAuts
   Orc:2: 1926 daAuts
Spider:4: 1922 daAuts
Spider:1: 1906 daAuts
  Lair:6: 1636 daAuts
     D:8: 1627 daAuts
    D:11: 1575 daAuts
Spider:2: 1560 daAuts
   Elf:3: 1413 daAuts
   Elf:1: 1401 daAuts
   Elf:2: 1361 daAuts
   Orc:1: 1359 daAuts
     D:6: 1306 daAuts
